 Dungeon Sprint DCSS version 0.17.2-1-ge4368a0 (webtiles) character file.

21021 mopl the Imperceptible (level 12, -5/102 HPs)
             Began as a Spriggan Assassin on Aug 21, 2016.
             Was the Champion of Trog.
             Slain by a greater naga
             ... wielding a +0 whip
              (6 damage)
             ... in the Dungeon (Sprint III: "The Ten Rune Challenge").
             The game lasted 00:16:16 (3698 turns).

mopl the Imperceptible (Spriggan Assassin)          Turns: 3698, Time: 00:16:17

Health: -5/102     AC:  3    Str: 12    XL:     12   Next: 50%
Magic:  22/22      EV: 25    Int: 13    God:    Trog [******]
Gold:   5577       SH:  0    Dex: 22    Spells: 0 memorised, 11 levels left

rFire  . . .     SeeInvis +     a - +5 dagger (elec)
rCold  . . .     Clarity  .     c - +0 robe
rNeg   . . .     SustAt   .     (shield restricted)
rPois  .         Gourm    .     (helmet restricted)
rElec  .         Spirit   .     d - +0 cloak
rCorr  .         Warding  .     (gloves unavailable)
rMut   .         NoTele   +     (boots unavailable)
MR     ++...                    (no amulet)
Stlth  ..........               (no ring)
                                C - ring of invisibility

@: berserking, lethally poisoned (-5 -> -7), constricted, very quick, very
resistant to hostile enchantments, extremely unstealthy
A: unfitting armour, see invisible, herbivore 3, speed 3, slow metabolism 2
a: Berserk, Trog's Hand, Brothers in Arms, Burn Spellbooks, Renounce Religion,
Evoke Invisibility


You were in the Dungeon.
You worshipped Trog.
Trog was exalted by your worship.
You were hungry.

You visited 1 branch You collected 5877 gold pieces.
You spent 300 gold pieces at shops.

Inventory:

Hand Weapons
 a - a +5 dagger of electrocution (weapon)
 b - a +0 blowgun
 m - a +0 dagger
 w - a +0 long sword of holy wrath
 D - a +2 scimitar of flaming
 H - the +3 rapier "Wakhloil" {flame, rC+ rN+ Dex-5}
   (Trog gifted it to you in the Dungeon)

   It has been specially enchanted to burn those struck by it, causing extra
   injury to most foes and up to half again as much damage against particularly
   susceptible opponents.
   It affects your dexterity (-5).
   It protects you from cold.
   It protects you from negative energy.
 I - a +2 rapier of speed
 J - a +4 antimagic quick blade
 K - a +1 short sword of speed
 L - a +4 dagger of venom
Missiles
 e - 8 poisoned needles
 f - 54 curare-tipped needles
 h - 6 needles of frenzy
 y - 8 poisoned tomahawks (quivered)
 z - 47 exploding tomahawks
 A - 10 throwing nets
 B - 14 needles of sleeping
 E - 37 needles of slowing
 F - 3 silver tomahawks
 G - 5 needles of confusion
Armour
 c - a +0 robe (worn)
 d - a +0 cloak (worn)
Jewellery
 C - a ring of invisibility (left hand)
Wands
 g - a wand of invisibility (5)
 n - a wand of teleportation (1)
Scrolls
 p - 2 scrolls of torment {unknown}
 q - a scroll of identify
 r - 2 scrolls of remove curse
 u - a scroll of fog {unknown}
Potions
 i - a potion of heal wounds
 j - 2 potions of haste
 k - 2 potions of magic
 l - a potion of berserk rage {!q}
 t - a potion of flight
 v - a potion of cancellation
Miscellaneous
 o - a lamp of fire
 x - a plain deck of defence
Comestibles
 s - 27 royal jellies


   Skills:
 + Level 10.5 Fighting
 + Level 13.2 Short Blades
 * Level 19.8 Throwing
 + Level 9.4 Dodging
 + Level 21.6 Stealth
 - Level 12.0 Evocations


You had 11 spell levels left.
You didn't know any spells.

Dungeon Overview and Level Annotations

Branches:
Dungeon (1/1)

Altars:
Cheibriados
Dithmenos
Elyvilon
Fedhas
Gozag
Kikubaaqudgha
Makhleb
Nemelex Xobeh
Okawaru
Qazlal
Ru
Sif Muna
Trog
Vehumet
Xom
Yredelemnul
Zin
The Shining One
Jiyva
Lugonu

Shops:
D (!=


Innate Abilities, Weirdness & Mutations

You are tiny and cannot use many weapons and most armour.
You have supernaturally acute eyesight.
You are a herbivore.
You cover ground extremely quickly.
You need consume almost no food.


Message History

You hit the greater naga but do no damage.
The greater naga is moderately wounded.
You feel sick.
Your deep troll bites the greater naga but does no damage.
Your deep troll claws the greater naga.
Your deep troll claws the greater naga!!
The greater naga points at you and mumbles some strange words.
The orb of energy hits you!
Ouch! That really hurt!
* * * LOW HITPOINT WARNING * * *
The orb of energy explodes!
The mystic blast hits your deep troll.
Your deep troll dies!
Your deep troll's corpse disappears in a puff of smoke!
A red film seems to cover your vision as you go berserk!
You feel yourself moving faster!
You feel mighty!
You are feeling hungry.
The greater naga hits you with a whip!
* * * LOW HITPOINT WARNING * * *
The greater naga grabs you.
You die...

###########..##§#
##........)..##.#
#.......††..###.#
#..########## #.#
#...........###.#
##........)..#
##########..#
##..(N§......#
#∩..()@.....##
#∩.##########


You could see a greater naga.

Vanquished Creatures
  Sigmund (D)
  Maud (D)
  Azrael (D)
  A yaktaur captain (D)
  Erolcha (D)
  2 hydras (D)
  An anaconda (D)
  A deep elf knight (D)
  A death drake (D)
  A deep elf summoner (D)
  A lindwurm (D)
  An orc knight (D)
  2 black mambas (D)
  2 spiny frogs (D)
  Edmund (D)
  3 yaktaurs (D)
  A komodo dragon (D)
  A fire drake (D)
  3 wandering mushrooms (D)
  4 deep elf priests (D)
  2 trapdoor spiders (D)
  A shadow (D)
  4 redbacks (D)
  2 hill giants (D)
  2 nagas (D)
  A spatial vortex (D)
  3 orc warriors (D)
  A necrophage (D)
  A swamp drake (D)
  5 water moccasins (D)
  2 brain worms (D)
  3 two-headed ogres (D)
  A water elemental (D)
  27 killer bees (D)
  An electric eel (D)
  2 orc wizards (D)
  A jelly (D)
  2 orc priests (D)
  A wizard (D)
  Jessica (D)
  A wolf (D)
  A necromancer (D)
  3 humans (D)
  A kobold demonologist (D)
  An adder (D)
  An ooze (D)
  9 orcs (D)
  2 rats (D)
112 creatures vanquished.

Vanquished Creatures (collateral kills)
  A naga warrior (D)
  A queen bee (D)
  5 killer bees (D)
7 creatures vanquished.

Vanquished Creatures (others)
  2 draconian scorchers (D)
  2 fire drakes (D)
  2 yaktaurs (D)
  An orc wizard (D)
  4 orc priests (D)
  11 plants (D)
22 creatures vanquished.

Grand Total: 141 creatures vanquished

Notes
Turn   | Place    | Note
--------------------------------------------------------------
     0 | D        | mopl the Spriggan Assassin began the quest for the Orb.
     0 | D        | Reached XP level 1. HP: 10/10 MP: 2/2
    10 | D        | Reached skill level 6 in Stealth
    12 | D        | Reached skill level 3 in Throwing
    25 | D        | Noticed Jessica
    29 | D        | Killed Jessica
    29 | D        | Reached skill level 5 in Throwing
    29 | D        | Reached skill level 8 in Stealth
    29 | D        | Reached XP level 2. HP: 14/14 MP: 3/3
    29 | D        | Reached XP level 3. HP: 18/18 MP: 4/4
    43 | D        | Noticed a wolf
    56 | D        | Killed a wolf
    56 | D        | Reached skill level 6 in Throwing
    75 | D        | Killed a yaktaur
    79 | D        | Reached skill level 9 in Stealth
    79 | D        | Reached XP level 4. HP: 14/22 MP: 5/5
   202 | D        | Killed a white draconian scorcher
   203 | D        | Noticed a water elemental
   205 | D        | Killed a water elemental
   205 | D        | Reached skill level 8 in Throwing
   205 | D        | Reached skill level 10 in Stealth
   205 | D        | Reached XP level 5. HP: 25/25 MP: 6/6
   209 | D        | Found a glowing silver altar of Zin.
   209 | D        | Found a glowing golden altar of the Shining One.
   209 | D        | Found a white marble altar of Elyvilon.
   209 | D        | Noticed a deep elf priest
   212 | D        | Killed a deep elf priest
   212 | D        | Reached skill level 11 in Throwing
   212 | D        | Reached skill level 12 in Stealth
   212 | D        | Reached XP level 6. HP: 30/30 MP: 7/7
   221 | D        | Found an iron altar of Okawaru.
   221 | D        | Found a bloodstained altar of Trog.
   221 | D        | Noticed a human
   221 | D        | Noticed a human
   259 | D        | Killed a human
   259 | D        | Reached skill level 12 in Throwing
   259 | D        | Reached skill level 13 in Stealth
   294 | D        | Killed a human
   294 | D        | Reached skill level 14 in Stealth
   294 | D        | Reached XP level 7. HP: 8/33 MP: 8/8
   321 | D        | Became a worshipper of Trog the Wrathful
   336 | D        | Killed a white draconian scorcher
   429 | D        | Killed a fire drake
   531 | D        | Found a basalt altar of Yredelemnul.
   531 | D        | Found a snail-covered altar of Cheibriados.
   531 | D        | Found a blossoming altar of Fedhas.
   531 | D        | Noticed a necrophage
   531 | D        | Noticed a necromancer
   533 | D        | Killed a necrophage
   533 | D        | Reached skill level 2 in Fighting
   533 | D        | Reached skill level 3 in Short Blades
   534 | D        | Killed a necromancer
   534 | D        | Reached skill level 13 in Throwing
   547 | D        | Found a radiant altar of Vehumet.
   548 | D        | Found a deep blue altar of Sif Muna.
   548 | D        | Found an ancient bone altar of Kikubaaqudgha.
   548 | D        | Noticed a wizard
   550 | D        | Noticed a rust devil
   553 | D        | Noticed an ice devil
   576 | D        | Reached * piety under Trog
   602 | D        | Killed a wizard
   621 | D        | Reached ** piety under Trog
   763 | D        | Noticed a jelly
   764 | D        | Noticed a shadow
   770 | D        | Killed a shadow
   770 | D        | Reached skill level 3 in Fighting
   770 | D        | Reached skill level 4 in Short Blades
   770 | D        | Reached skill level 15 in Stealth
   774 | D        | Killed a jelly
   822 | D        | Found a stormy altar of Qazlal.
   822 | D        | Found a sacrificial altar of Ru.
   822 | D        | Found a burning altar of Makhleb.
   822 | D        | Found a shimmering altar of Xom.
   823 | D        | Noticed a spatial vortex
   823 | D        | Found a viscous altar of Jiyva.
   823 | D        | Found a shadowy altar of Dithmenos.
   823 | D        | Found a sparkling altar of Nemelex Xobeh.
   823 | D        | Found a corrupted altar of Lugonu.
   823 | D        | Found an opulent altar of Gozag.
   824 | D        | Killed a spatial vortex
   824 | D        | Reached XP level 8. HP: 37/40 MP: 9/9
   840 | D        | Noticed a two-headed ogre
   840 | D        | Noticed a two-headed ogre
   844 | D        | Killed a two-headed ogre
   844 | D        | Reached *** piety under Trog
   846 | D        | Killed a two-headed ogre
   846 | D        | Reached skill level 5 in Short Blades
   850 | D        | Noticed a two-headed ogre
   853 | D        | Killed a two-headed ogre
   858 | D        | Noticed a hill giant
   861 | D        | Killed a hill giant
   861 | D        | Reached **** piety under Trog
   861 | D        | Reached skill level 4 in Fighting
   861 | D        | Reached skill level 14 in Throwing
   866 | D        | Noticed a hill giant
   866 | D        | Noticed Erolcha
   868 | D        | Killed Erolcha
   868 | D        | Received a gift from Trog
   868 | D        | Reached skill level 5 in Fighting
   868 | D        | Reached skill level 7 in Short Blades
   868 | D        | Reached skill level 16 in Stealth
   868 | D        | Reached XP level 9. HP: 44/47 MP: 10/10
   869 | D        | Killed a hill giant
   869 | D        | Received a gift from Trog
   876 | D        | Noticed a redback
   878 | D        | Noticed a trapdoor spider
   892 | D        | Killed a trapdoor spider
   892 | D        | Reached skill level 15 in Throwing
   961 | D        | Noticed a trapdoor spider
   967 | D        | Killed a redback
   967 | D        | Reached skill level 17 in Stealth
  1004 | D        | Killed a trapdoor spider
  1004 | D        | Reached skill level 6 in Fighting
  1065 | D        | Killed a fire drake
  1159 | D        | Noticed Sigmund
  1159 | D        | Noticed Edmund
  1163 | D        | Killed Edmund
  1163 | D        | Reached ***** piety under Trog
  1163 | D        | Reached skill level 8 in Short Blades
  1164 | D        | Killed Sigmund
  1164 | D        | Received a gift from Trog
  1164 | D        | Reached skill level 8 in Fighting
  1164 | D        | Reached skill level 10 in Short Blades
  1164 | D        | Reached skill level 17 in Throwing
  1164 | D        | Reached skill level 19 in Stealth
  1164 | D        | Reached XP level 10. HP: 52/56 MP: 11/11
  1173 | D        | Noticed an orc priest
  1173 | D        | Noticed an orc priest
  1198 | D        | Noticed an orc wizard
  1199 | D        | Noticed an orc warrior
  1200 | D        | Noticed an orc priest
  1213 | D        | Killed an orc wizard
  1214 | D        | Noticed an orc knight
  1248 | D        | Noticed an orc wizard
  1251 | D        | Noticed an orc warrior
  1269 | D        | Killed an orc wizard
  1269 | D        | Received a gift from Trog
  1272 | D        | Killed a yaktaur
  1288 | D        | Killed an orc warrior
  1300 | D        | Killed an orc priest
  1300 | D        | Reached ****** piety under Trog
  1300 | D        | Received a gift from Trog
  1394 | D        | Noticed an orc warrior
  1412 | D        | Killed an orc warrior
  1471 | D        | Killed an orc knight
  1489 | D        | Noticed an orc priest
  1494 | D        | Killed an orc priest
  1585 | D        | Killed an orc priest
  1586 | D        | Killed an orc priest
  1586 | D        | Killed an orc priest
  1586 | D        | Killed an orc priest
  1602 | D        | Found Goeko's Jewellery Shoppe.
  1626 | D        | Bought an uncursed ring of invisibility for 300 gold pieces
  1631 | D        | Noticed a deep elf priest
  1631 | D        | Noticed a deep elf priest
  1631 | D        | Noticed a deep elf summoner
  1631 | D        | Noticed a deep elf priest
  1631 | D        | Noticed a deep elf knight
  1816 | D        | Killed a deep elf priest
  1816 | D        | Reached skill level 1 in Evocations
  1818 | D        | Killed an orc wizard
  1835 | D        | Killed a deep elf summoner
  1835 | D        | Reached skill level 11 in Short Blades
  1835 | D        | Reached skill level 2 in Evocations
  1835 | D        | Reached XP level 11. HP: 43/60 MP: 10/13
  1898 | D        | Killed a deep elf priest
  1927 | D        | Killed a deep elf knight
  1927 | D        | Received a gift from Trog
  1927 | D        | Reached skill level 3 in Evocations
  2106 | D        | Killed a deep elf priest
  2110 | D        | Noticed a deep elf high priest
  2165 | D        | Killed an orc warrior
  2165 | D        | Reached skill level 18 in Throwing
  2165 | D        | Reached skill level 4 in Evocations
  2229 | D        | Noticed a wandering mushroom
  2239 | D        | Noticed a wandering mushroom
  2241 | D        | Noticed a wandering mushroom
  2243 | D        | Killed a wandering mushroom
  2248 | D        | Killed a wandering mushroom
  2251 | D        | Killed a wandering mushroom
  2251 | D        | Reached skill level 9 in Fighting
  2251 | D        | Reached skill level 5 in Evocations
  2257 | D        | Noticed a spiny frog
  2257 | D        | Noticed a komodo dragon
  2257 | D        | Noticed a spiny frog
  2260 | D        | Killed a spiny frog
  2260 | D        | Reached skill level 20 in Stealth
  2261 | D        | Killed a komodo dragon
  2261 | D        | Received a gift from Trog
  2261 | D        | Reached skill level 2 in Dodging
  2261 | D        | Reached skill level 6 in Evocations
  2262 | D        | Killed a spiny frog
  2267 | D        | Noticed a swamp drake
  2267 | D        | Noticed a fire drake
  2268 | D        | Killed a fire drake
  2270 | D        | Killed a swamp drake
  2346 | D        | Noticed a killer bee
  2346 | D        | Noticed a killer bee
  2346 | D        | Noticed a killer bee
  2346 | D        | Noticed a killer bee
  2346 | D        | Noticed a killer bee
  2346 | D        | Noticed a killer bee
  2346 | D        | Noticed a killer bee
  2346 | D        | Noticed a queen bee
  2346 | D        | Noticed a killer bee
  2346 | D        | Noticed a killer bee
  2346 | D        | Noticed a killer bee
  2346 | D        | Noticed a killer bee
  2346 | D        | Noticed a killer bee
  2346 | D        | Noticed a killer bee
  2346 | D        | Noticed a killer bee
  2347 | D        | Noticed a killer bee
  2347 | D        | Noticed a killer bee
  2347 | D        | Noticed a killer bee
  2347 | D        | Noticed a killer bee
  2347 | D        | Noticed a killer bee
  2347 | D        | Noticed a killer bee
  2347 | D        | Noticed a killer bee
  2347 | D        | Noticed a killer bee
  2347 | D        | Noticed a killer bee
  2347 | D        | Noticed a killer bee
  2347 | D        | Noticed a killer bee
  2347 | D        | Noticed a killer bee
  2347 | D        | Noticed a killer bee
  2347 | D        | Noticed a killer bee
  2347 | D        | Noticed a killer bee
  2347 | D        | Noticed a killer bee
  2347 | D        | Noticed a killer bee
  2347 | D        | Noticed a killer bee
  2348 | D        | Killed a killer bee
  2348 | D        | Reached skill level 3 in Dodging
  2351 | D        | Killed a killer bee
  2359 | D        | Killed a killer bee
  2363 | D        | Killed a killer bee
  2363 | D        | Received a gift from Trog
  2363 | D        | Reached skill level 7 in Evocations
  2369 | D        | Killed a killer bee
  2372 | D        | Killed a killer bee
  2379 | D        | Killed a killer bee
  2379 | D        | Received a gift from Trog
  2380 | D        | Killed a killer bee
  2386 | D        | Killed a killer bee
  2388 | D        | Killed a killer bee
  2523 | D        | HP: 3/61 [poison (dark miasma)]
  2946 | D        | Noticed a yaktaur
  2946 | D        | Noticed a yaktaur captain
  2948 | D        | Killed a yaktaur
  2949 | D        | Noticed a yaktaur
  2949 | D        | Noticed a yaktaur
  2952 | D        | Killed a yaktaur captain
  2952 | D        | Reached skill level 4 in Dodging
  2952 | D        | Reached skill level 8 in Evocations
  2955 | D        | Killed a yaktaur
  2955 | D        | Reached skill level 12 in Short Blades
  2959 | D        | Killed a yaktaur
  2967 | D        | Noticed Azrael
  2969 | D        | Killed Azrael
  2969 | D        | Reached skill level 5 in Dodging
  2969 | D        | Reached skill level 9 in Evocations
  3068 | D        | Killed a killer bee
  3070 | D        | Killed a killer bee
  3070 | D        | Received a gift from Trog
  3072 | D        | Killed a killer bee
  3081 | D        | Killed a killer bee
  3086 | D        | Killed a killer bee
  3088 | D        | Killed a killer bee
  3091 | D        | Killed a killer bee
  3098 | D        | Killed a killer bee
  3100 | D        | Killed a killer bee
  3100 | D        | Received a gift from Trog
  3102 | D        | Killed a killer bee
  3103 | D        | Killed a killer bee
  3103 | D        | Received a gift from Trog
  3108 | D        | Killed a killer bee
  3110 | D        | Killed a killer bee
  3110 | D        | Received a gift from Trog
  3112 | D        | Killed a killer bee
  3116 | D        | Killed a killer bee
  3116 | D        | Received a gift from Trog
  3116 | D        | Reached skill level 6 in Dodging
  3118 | D        | Killed a killer bee
  3124 | D        | Got a smoking rapier {god gift}
  3124 | D        | Killed a killer bee
  3124 | D        | Received a gift from Trog
  3125 | D        | Killed a killer bee
  3127 | D        | Killed a killer bee
  3127 | D        | Killed a killer bee
  3128 | D        | Identified the +3 rapier "Wakhloil" {flame, rC+ rN+ Dex-5} (Trog gifted it to you in the Dungeon)
  3128 | D        | Killed a killer bee
  3131 | D        | Killed a killer bee
  3133 | D        | Killed a queen bee
  3133 | D        | Received a gift from Trog
  3133 | D        | Reached skill level 10 in Evocations
  3355 | D        | Noticed a redback
  3357 | D        | Killed a redback
  3358 | D        | Noticed a brain worm
  3361 | D        | Killed a brain worm
  3364 | D        | Noticed a brain worm
  3366 | D        | Killed a brain worm
  3369 | D        | Noticed a lindwurm
  3371 | D        | Noticed a redback
  3372 | D        | Killed a lindwurm
  3372 | D        | Received a gift from Trog
  3372 | D        | Reached skill level 19 in Throwing
  3375 | D        | Killed a redback
  3375 | D        | Reached XP level 12. HP: 67/67 MP: 6/20
  3383 | D        | Noticed a redback
  3386 | D        | Killed a redback
  3387 | D        | Noticed Maud
  3389 | D        | Killed Maud
  3389 | D        | Reached skill level 10 in Fighting
  3389 | D        | Reached skill level 7 in Dodging
  3389 | D        | Reached skill level 21 in Stealth
  3389 | D        | Reached skill level 11 in Evocations
  3393 | D        | Noticed an electric eel
  3394 | D        | Noticed an eight-headed hydra
  3394 | D        | Noticed an eight-headed hydra
  3404 | D        | Killed an eight-headed hydra
  3413 | D        | Killed an electric eel
  3413 | D        | Received a gift from Trog
  3414 | D        | Killed an eight-headed hydra
  3414 | D        | Reached skill level 8 in Dodging
  3418 | D        | Noticed a death drake
  3421 | D        | Killed a death drake
  3421 | D        | Reached skill level 12 in Evocations
  3423 | D        | Noticed a water moccasin
  3424 | D        | Noticed a black mamba
  3426 | D        | Killed a water moccasin
  3432 | D        | Killed a black mamba
  3436 | D        | Noticed a water moccasin
  3436 | D        | Noticed an anaconda
  3436 | D        | Noticed a black mamba
  3438 | D        | Killed a black mamba
  3438 | D        | Received a gift from Trog
  3440 | D        | Killed an anaconda
  3440 | D        | Reached skill level 13 in Short Blades
  3445 | D        | Killed a water moccasin
  3445 | D        | Reached skill level 9 in Dodging
  3448 | D        | Noticed a water moccasin
  3448 | D        | Noticed a water moccasin
  3448 | D        | Noticed a water moccasin
  3449 | D        | Killed a water moccasin
  3454 | D        | Killed a water moccasin
  3457 | D        | Killed a water moccasin
  3460 | D        | Noticed a naga
  3460 | D        | Noticed a naga
  3493 | D        | Noticed a naga warrior
  3493 | D        | Noticed a greater naga
  3525 | D        | Killed a naga
  3525 | D        | Received a gift from Trog
  3558 | D        | Killed a naga
  3683 | D        | Found Muitupp's Antique Weapon Shop.
  3683 | D        | Found Dom Ruerch's Distillery.
  3694 | D        | Killed a naga warrior
  3698 | D        | HP: 1/102 [greater naga/whip (13)]
  3698 | D        | Slain by a greater naga

Action                   |  1- 3 |  4- 6 |  7- 9 | 10-12 || total
-------------------------+-------+-------+-------+-------++-------
Melee: Dagger            |     8 |    20 |    19 |   139 ||   186
       Quick blade       |       |       |       |    71 ||    71
 Fire: Blowgun           |    10 |    11 |    12 |     2 ||    35
Throw: Tomahawk          |       |       |       |    16 ||    16
Invok: Burn Spellbooks   |       |       |     1 |       ||     1
       Brothers in Arms  |       |       |       |     3 ||     3
       Berserk           |       |       |       |     2 ||     2
 Abil: Evoke Invisibilit |       |       |       |     8 ||     8
  Use: Scroll            |       |       |       |     7 ||     7
       Potion            |       |       |       |     4 ||     4
 Stab: Sleeping          |     3 |     2 |    13 |    30 ||    48
       Invisible         |       |       |       |    31 ||    31
  Eat: Bread ration      |       |       |       |     1 ||     1
